 Dungeon Crawl Stone Soup version 0.29-a0-813-g4a14ea37d6 (webtiles) character file.

Game seed: 17019961764297866871

308 dolemite99 the Chopper (level 6, -3/51 HPs)
             Began as a Minotaur Fighter on July 5, 2022.
             Was an Initiate of Okawaru.
             Succumbed to a killer bee's poison
             ... on level 4 of the Dungeon.
             The game lasted 00:03:18 (3096 turns).

dolemite99 the Chopper (Minotaur Fighter)           Turns: 3096, Time: 00:03:18

Health: -3/51      AC:  9    Str: 22    XL:     6   Next: 16%
Magic:  5/5        EV:  7    Int:  5    God:    Okawaru [......]
Gold:   184        SH:  4    Dex: 10    Spells: 5/5 levels left

rFire   . . .      SeeInvis .   a - +1 war axe (flame)
rCold   . . .      Faith    .   c - +0 buckler
rNeg    . . .      Spirit   .   l - +0 chain mail
rPois   .          Reflect  .   (helmet restricted)
rElec   .          Harm     .   (no cloak)
rCorr   .          Rampage  .   (no gloves)
Will    .....                   (no boots)
Stlth   ..........              (no amulet)
HPRegen 0.17/turn               (no ring)
MPRegen 0.09/turn               (no ring)

@: mighty, lethally poisoned (-3 -> -31), attractive
A: horns 2, retaliatory headbutt
a: Renounce Religion


You were on level 4 of the Dungeon.
You worshipped Okawaru.
Okawaru was noncommittal.
You visited 1 branch of the dungeon, and saw 4 of its levels.

You collected 184 gold pieces.

Inventory:

Hand Weapons
 a - a +1 war axe of flaming (weapon)
Armour
 b - a +0 scale mail
 c - a +0 buckler (worn)
 l - a +0 chain mail (worn)
Jewellery
 f - a ring of resist corrosion
 g - a ring of willpower
 i - a ring of positive energy
 m - a +4 ring of protection
 s - a ring of ice
 t - a ring of fire
Scrolls
 j - 2 scrolls of immolation
 q - a scroll of identify {unknown}
Potions
 e - a potion of invisibility {unknown}
 h - a potion of curing {unknown}
 k - 3 potions of flight {unknown}
 n - a potion of heal wounds {unknown}
 o - a potion of berserk rage {unknown}
 p - a potion of cancellation {unknown}
 r - a potion of attraction


   Skills:
 - Level 3.6 Fighting
 + Level 7.9 Axes
 - Level 3.6 Armour
 - Level 3.6 Shields


You had 5 spell levels left.
You didn't know any spells.
Your spell library contained the following spells:

 Spells                   Type           Power      Damage    Failure   Level
 Fireball                 Conj/Fire      0%         3d3       100%        5
 Iskenderun's Battlesphe  Conj           0%         2d6       100%        5
 Conjure Ball Lightning   Conj/Air       0%         3x3d6     100%        6
 Orb of Destruction       Conj           0%         9d5       100%        7


Dungeon Overview and Level Annotations

Branches:
Dungeon (4/15)
 Temple: D:4-7

Altars:
Okawaru
Zin


Innate Abilities, Weirdness & Mutations

You have a pair of horns on your head.
You reflexively headbutt those who attack you in melee.


Message History

The killer bee stings you but does no damage. x2
The killer bee stings you. x3
You slash the killer bee! You burn the killer bee.
The killer bee is heavily wounded.
You miss the killer bee. You barely miss the killer bee.
You miss the killer bee. The killer bee stings you.
You are poisoned.
The killer bee poisons you! The killer bee stings you.
The killer bee stings you but does no damage.
You block the killer bee's attack. x2
The killer bee stings you but does no damage.
You are too injured to fight recklessly!
You feel very mighty all of a sudden.
You feel sick. The killer bee stings you!
You are more poisoned.
The killer bee poisons you! You block the killer bee's attack.
The killer bee closely misses you. The killer bee stings you.
You are lethally poisoned!
The killer bee poisons you! The killer bee closely misses you.
The kobold hits you with a +0 short sword.
* * * LOW HITPOINT WARNING * * *
The killer bee stings you.
* * * LOW HITPOINT WARNING * * *
The killer bee stings you.
* * * LOW HITPOINT WARNING * * *
You are more poisoned.
The killer bee poisons you! You block the killer bee's attack.
The killer bee stings you but does no damage.
The killer bee closely misses you. You furiously retaliate!
You headbutt the killer bee!!
You kill the killer bee!
Okawaru accepts your kill. The killer bee barely misses you.
You furiously retaliate!
You headbutt the killer bee!
A scorpion comes into view.
You have reached level 6!
Okay, then.
It was a potion of attraction.
You feel attractive to monsters.
You die...

.....s....##
............#
............#
............##
..............#
#.(...........#
.#
#.>.....†yy...#
..#
#.......y@y...#
..#
#......Ky....#
..#
#...........##
..#
####.......##
..####
###..####
.....# ##..##
....## ##..##
....# ##..##
....# ###.###


You could see a scorpion (wandering), 5 killer bees and a kobold.

Vanquished Creatures
  An ogre (D:4)
  A killer bee (D:4)
  A hound (D:3)
  A gnoll (D:3)
  4 adders
  A worm (D:3)
  3 dart slugs
  12 endoplasms
  4 giant cockroaches
  14 goblins
  4 hobgoblins
  4 jackals (D:1)
  5 kobolds
  5 quokkas
  12 ball pythons
  2 bats (D:2)
  4 frilled lizards
  10 rats
88 creatures vanquished.

Vanquished Creatures (others)
  6 plants (D:1)
6 creatures vanquished.

Grand Total: 94 creatures vanquished

Notes
Turn   | Place    | Note
-------+----------+-------------------------------------------
     0 | D:1      | dolemite99 the Minotaur Fighter began the quest for the
                  | Orb.
     0 | D:1      | Reached XP level 1. HP: 19/19 MP: 0/0
   129 | D:1      | Reached skill level 3 in Axes
   168 | D:1      | Reached XP level 2. HP: 21/26 MP: 1/1
   689 | D:1      | Reached skill level 4 in Axes
   896 | D:1      | Reached XP level 3. HP: 31/31 MP: 2/2
  1433 | D:2      | Reached skill level 5 in Axes
  1440 | D:2      | Reached XP level 4. HP: 31/39 MP: 3/3
  1593 | D:2      | Found a faded altar of an unknown god.
  1741 | D:2      | Found a glowing silver altar of Zin.
  2329 | D:3      | Found an iron altar of Okawaru.
  2332 | D:3      | Reached skill level 6 in Axes
  2342 | D:3      | Became a worshipper of Warmaster Okawaru
  2728 | D:3      | Reached XP level 5. HP: 44/45 MP: 4/4
  2965 | D:4      | Noticed an ogre
  2970 | D:4      | Killed an ogre
  2971 | D:4      | Reached skill level 7 in Axes
  3095 | D:4      | HP: 2/45 [killer bee (6)]
  3096 | D:4      | Reached XP level 6. HP: 3/51 MP: 5/5
  3096 | D:4      | Succumbed to a killer bee's poison

Illustrated notes

Levels and vault maps discovered:
D:1:      dpeg_arrival_arbitrary_a, layout_loops_corners, serial_bayou_lagoon_a,
          hangedman_glass_teeth, minmay_unequal
D:2:      layout_basic, basic_altar, shapermc_ecumenical_altar_notcrosses
D:3:      minmay_chambers_of_threes, layout_loops_corners,
          okawaru_altar_gauntlet_db, minmay_surrounded
D:4:      layout_cave_pods, minitemple, serial_shops, nicolae_shop_stone,
          lexackson_kobold_supper

Skill      XL: |  1  2  3  4  5 |
---------------+----------------+-----
Axes           | 3 4 5 6 7 |  7.9
Fighting       | |  3.6
Armour         | |  3.6
Shields        | |  3.6

Action                   |  1- 3 |  4- 6 || total
-------------------------+-------+-------++-------
Melee: War axe           |    69 |    61 ||   130
       Headbutt          |     9 |     7 ||    16
  Use: Scroll            |     5 |     1 ||     6
       Potion            |       |     2 ||     2
Armor: Scale mail        |    40 |     7 ||    47
       Chain mail        |       |    23 ||    23
Dodge: Dodged            |    37 |    23 ||    60
Block: Buckler           |    14 |    17 ||    31

Table legend: (Time is in decaauts)
 A = Elapsed time spent in this place.
 B = Non-inter-level travel time spent in this place.
 C = Inter-level travel time spent in this place.
 D = Time resting spent in this place.
 E = Time spent auto-exploring this place.
 F = Levels seen in this place.
 G = Mean time per level.
                   A        B        C        D        E       F      G
               +--------+--------+--------+--------+--------+-----+--------+
         Total |   3146 |   3008 |    138 |     62 |   2388 |   4 |  786.5 |
       Dungeon |   3146 |   3008 |    138 |     62 |   2388 |   4 |  786.5 |
               +--------+--------+--------+--------+--------+-----+--------+

Top non-repeatable levels by time:
     D:1: 1376 daAuts
     D:3: 1113 daAuts
     D:2: 512 daAuts
     D:4: 143 daAuts
